 Dungeon Crawl Stone Soup version 0.19-a0-36-g4a0968a (webtiles) character file.

1666 moxian the Poker (level 9, -3/66 HPs)
             Began as a Merfolk Skald on May 4, 2016.
             Was a Priest of Dithmenos.
             Killed from afar by an electric eel (7 damage)
             ... with a bolt of electricity
             ... on level 6 of the Dungeon.
             The game lasted 00:35:04 (7866 turns).

moxian the Poker (Merfolk Skald)                    Turns: 7866, Time: 00:35:05

Health: -3/66      AC:  6    Str: 12    XL:     9   Next: 1%
Magic:  10/15      EV: 20    Int: 11    God:    Dithmenos [***...]
Gold:   432        SH:  0    Dex: 17    Spells: 5 memorised, 5 levels left

rFire  . . .     SeeInvis .     w - +0 spear (pierce)
rCold  + . .     Gourm    +     l - +2 robe {rC+}
rNeg   . . .     Faith    .     (no shield)
rPois  .         Spirit   .     m - +1 helmet
rElec  .         Dismiss  .     (no cloak)
rCorr  .         Reflect  .     (no gloves)
SustAt .         Harm     .     (boots currently unavailable)
MR     .....                    e - amulet of the gourmand
Stlth  ++........               (no ring)
                                (no ring)

@: confused, wreathed by umbra, very quick, not resistant to hostile
enchantments, unstealthy
A: change form in water, swift swim
a: Shadow Step, Renounce Religion


You were on level 6 of the Dungeon.
You worshipped Dithmenos.
Dithmenos was most pleased with you.
You were completely stuffed.

You visited 1 branch of the dungeon, and saw 6 of its levels.

You collected 432 gold pieces.

Inventory:

Hand Weapons
 a - a +1 spear
 g - a +0 trident
 r - a +3 halberd
 w - a +0 spear of piercing (weapon)
 B - a +0 greatsling of velocity
Missiles
 h - 7 tomahawks (quivered)
 F - 8 poisoned needles
Armour
 b - a +0 leather armour
 l - a +2 robe of cold resistance (worn)
 m - a +1 helmet (worn)
 t - a +0 robe
 E - a +0 shield
Jewellery
 e - an amulet of the gourmand (around neck)
Scrolls
 j - 3 scrolls of noise
 k - 3 scrolls of magic mapping
 p - 2 scrolls of amnesia
 q - a scroll of enchant weapon
 x - a scroll of remove curse
 C - a scroll of enchant armour
Potions
 o - a potion of flight
 v - a potion of magic
Books
 c - a book of Battle

   Spells                             Type                      Level
   a - Infusion                       Charms                       1
   b - Shroud of Golubria             Charms/Translocation         2
   c - Song of Slaying                Charms                       2
   d - Spectral Weapon                Hexes/Charms                 3
   e - Regeneration                   Charms/Necromancy            3
Comestibles
 d - 5 bread rations
 f - a slice of pizza
 i - 2 fruits
 n - a chunk of flesh
 u - a beef jerky


   Skills:
 + Level 4.6 Fighting
 + Level 6.5 Polearms
 - Level 0.6 Armour
 + Level 5.8 Dodging
 * Level 4.1 Shields
 + Level 4.4 Spellcasting
 + Level 5.9 Charms
 + Level 2.6 Translocations


You had 5 spell levels left.
You knew the following spells:

 Your Spells              Type           Power        Failure   Level  Hunger
a - Infusion              Chrm           ###.         1%          1    #......
b - Shroud of Golubria    Chrm/Tloc      ##........   10%         2    ##.....
c - Regeneration          Chrm/Necr      #.........   21%         3    ###....
d - Song of Slaying       Chrm           ###.....     2%          2    ##.....
e - Spectral Weapon       Hex/Chrm       #.......     21%         3    ###....


Dungeon Overview and Level Annotations

Branches:
Dungeon (6/15)             Temple (0/1) D:4

Altars:
Dithmenos
Elyvilon
Yredelemnul

Shops:
D:6 }=*

Annotations:
D:5 Sl000nik's ghost, amateur DDFi


Message History

* * * LOW HITPOINT WARNING * * *
The electric eel shoots out a bolt of lightning at you!
The bolt of electricity hits the electric eel.
The electric eel completely resists.
The bolt of electricity hits you!
* * * LOW HITPOINT WARNING * * *
The electric eel shoots out a bolt of lightning at you!
The bolt of electricity hits you!
* * * LOW HITPOINT WARNING * * *
Read which item? (? for menu, Esc to quit)
Okay, then.
Drink which item? (? for menu, Esc to quit)
It was a potion of ambrosia.
You are confused.
You feel invigorated.
The electric eel shoots out a bolt of lightning at you!
The bolt of electricity misses you.
The electric eel shoots out a bolt of lightning at you!
The bolt of electricity hits the electric eel.
The electric eel completely resists.
The bolt of electricity hits you!
You die...

≈≈≈.≈≈≈≈. ≈≈≈≈≈≈≈≈≈
≈s≈≈≈≈≈≈≈ #####≈≈≈≈≈≈≈≈
############...#;≈≈≈≈≈≈≈
...........#...#≈;≈≈≈≈≈≈≈
...........#...#;≈≈≈≈≈≈≈≈
...).......##'##@≈≈≈≈≈≈≈#
########...)).#≈≈≈≈≈≈≈≈≈#
# #......#≈≈≈≈≈≈≈≈≈#
########......#≈≈≈≈≈≈≈≈#
...........##'##≈≈≈≈≈≈≈#
......((...#...#≈≈≈≈≈≈##
.....(.((..#...#≈≈≈≈≈≈#
############...#≈≈≈≈≈##
≈≈≈≈≈≈≈≈≈≈≈#####≈≈≈≈##


You could see 3 electric eels and a giant cockroach.

Vanquished Creatures
  Sigmund (D:6)
  2 ice beasts (D:6)
  A phantom (D:6)
  A centaur (D:5)
  3 big kobolds (D:6)
  2 giant frogs (D:6)
  3 scorpions
  4 electric eels (D:6)
  An orc wizard (D:4)
  2 gnoll shamans (D:6)
  2 iguanas
  A worker ant (D:4)
  A howler monkey zombie (D:6)
  17 gnolls
  3 adders
  A shadow imp (D:6)
  An ooze (D:1)
  An adder skeleton (D:4)
  A worm (D:3)
  A dart slug (D:1)
  A giant gecko (D:3)
  17 orcs
  3 giant cockroaches
  35 goblins
  34 hobgoblins
  10 jackals
  5 kobolds
  3 quokkas
  A ball python (D:1)
  8 bats
  A giant gecko skeleton (D:4)
  3 giant newts
  9 rats
179 creatures vanquished.

Notes
Turn   | Place    | Note
--------------------------------------------------------------
     0 | D:1      | moxian the Merfolk Skald began the quest for the Orb.
     0 | D:1      | Reached XP level 1. HP: 16/16 MP: 3/3
    69 | D:1      | Reached XP level 2. HP: 7/23 MP: 0/5
   758 | D:1      | Reached XP level 3. HP: 22/28 MP: 6/6
   770 | D:1      | Learned a level 2 spell: Shroud of Golubria
   774 | D:1      | Learned a level 3 spell: Regeneration
  1317 | D:2      | Found a shadowy altar of Dithmenos.
  1364 | D:2      | Became a worshipper of Dithmenos the Shadowed
  2042 | D:3      | Reached XP level 4. HP: 34/34 MP: 7/7
  2043 | D:3      | Found a basalt altar of Yredelemnul.
  2264 | D:3      | Reached skill level 4 in Polearms
  2371 | D:3      | Found a faded altar to an unknown god.
  2416 | D:3      | Reached * piety under Dithmenos
  2451 | D:3      | Found a white marble altar of Elyvilon.
  3164 | D:4      | Reached XP level 5. HP: 19/40 MP: 2/9
  3903 | D:3      | Reached XP level 6. HP: 29/47 MP: 0/10
  4463 | D:4      | Found a staircase to the Ecumenical Temple.
  4529 | D:5      | Entered Level 5 of the Dungeon
  4537 | D:4      | Reached skill level 1 in Translocations
  4708 | D:5      | Reached skill level 5 in Polearms
  4952 | D:5      | Noticed Sl000nik's ghost (amateur DDFi)
  5019 | D:4      | Reached XP level 7. HP: 39/52 MP: 11/11
  5180 | D:6      | Found Ropt's Assorted Antiques.
  5436 | D:6      | Reached skill level 1 in Shields
  5445 | D:6      | Reached ** piety under Dithmenos
  5742 | D:6      | Reached skill level 5 in Charms
  6339 | D:6      | Reached skill level 5 in Dodging
  6339 | D:6      | Reached XP level 8. HP: 54/60 MP: 4/13
  6354 | D:6      | Learned a level 2 spell: Song of Slaying
  6358 | D:6      | Learned a level 3 spell: Spectral Weapon
  6725 | D:6      | Noticed Sigmund
  6764 | D:6      | HP: 3/60 [something (3)]
  6787 | D:6      | Killed Sigmund
  6787 | D:6      | Reached skill level 6 in Polearms
  7199 | D:6      | Reached *** piety under Dithmenos
  7333 | D:6      | Found Dobai's Jewellery Boutique.
  7371 | D:6      | Found Gykkoove's Gadget Emporium.
  7819 | D:6      | Reached XP level 9. HP: 46/66 MP: 3/15
  7865 | D:6      | HP: 1/66 [electric eel/bolt of electricity (6)]
  7866 | D:6      | Killed from afar by an electric eel

Vault maps used:
D:1:      minmay_arrival_diagonal_passages
D:2:      old_standard_altar, first_bread, kennysheep_generic_room_6
D:3:      old_standard_altar, ecumenical_altar_2, elyvilon_altar_1
D:4:      minmay_temple_entry_fiery
D:6:      minmay_goblin_kobold_castle, tso_oasis_becter,
          overflow_temple_1_default, serial_shops, shop, shop, shop_fountains,
          uniq_sigmund

Skill      XL: |  1  2  3  4  5  6  7  8 |
---------------+-------------------------+-----
Dodging        | 2 3 4 5 |  5.8
Polearms       | 4 5 6 |  6.5
Charms         | 4 5 |  5.9
Fighting       | 3 4 |  4.6
Spellcasting   | 3 4 |  4.4
Translocations | 1 2 |  2.6
Shields        | 2 4 |  4.1
Armour         | |  0.6

Action                   |  1- 3 |  4- 6 |  7- 9 || total
-------------------------+-------+-------+-------++-------
Melee: Spear             |   142 |   265 |   348 ||   755
       Trident           |       |       |   129 ||   129
       Tailslap          |       |       |     2 ||     2
Throw: Tomahawk          |       |       |     4 ||     4
 Cast: Infusion          |     4 |    17 |    15 ||    36
       Shroud of Golubri |       |     9 |    30 ||    39
       Regeneration      |       |       |     8 ||     8
  Use: Scroll            |     3 |       |    11 ||    14
       Potion            |       |     4 |    10 ||    14
 Stab: Sleeping          |     2 |       |     1 ||     3
       Invisible         |       |     2 |       ||     2
       Distracted        |       |       |     1 ||     1
  Eat: Chunk             |    11 |    14 |    14 ||    39
Armor: Leather armour    |    14 |       |    26 ||    40
       Robe              |     7 |    17 |    28 ||    52
Dodge: Dodged            |    56 |   192 |   423 ||   671
Block: Shield            |       |     6 |       ||     6
